 Dungeon Crawl Stone Soup version 0.31.0-9-g3a7656b989 (console) character file.

Game seed: 13806996974164412127

57 AlterAsc the Chopper (level 4, -1/35 HPs)
             Began as a Formicid Fighter on Jan 27, 2024.
             Slain by a kobold brigand
             ... wielding a +0 whip
              (7 damage)
             ... on level 3 of the Dungeon.
             The game lasted 00:03:27 (1725 turns).

AlterAsc the Chopper (Formicid Fighter)             Turns: 1725, Time: 00:03:28

Health: -1/35      AC:  8    Str: 23    XL:     4   Next: 18%
Magic:  4/4        EV:  9    Int:  7    God:
Gold:   74         SH:  0    Dex: 13    Spells: 3/3 levels left

rFire   . . .        a - +0 war axe
rCold   + . .        c - +0 buckler
rNeg    . . .        b - +0 scale mail
rPois   .            (helmet unavailable)
rElec   .            (no cloak)
rCorr   .            e - +0 pair of gloves
SInv    +            (no boots)
Will    +....        (no amulet) Stlth
                     g - ring of protection from cold
HPRegen 0.25/turn    q - ring of willpower
MPRegen 0.09/turn

%: no passive effects
@: confused, ambrosia-drunk
A: permanent stasis, dig shafts and tunnels, antennae 3, four strong arms
a: Dig, Shaft Self


You were on level 3 of the Dungeon.
You visited 1 branch of the dungeon, and saw 3 of its levels.

You collected 74 gold pieces.

Inventory:

Hand Weapons
 a - a +0 war axe (weapon)
Missiles
 r - 3 javelins
 s - 6 curare-tipped darts (quivered)
Armour
 b - a +0 scale mail (worn)
 c - a +0 buckler (worn)
 e - a +0 pair of gloves (worn)
Jewellery
 g - a ring of protection from cold (left hand)
 l - a ring of magical power
 n - an amulet of faith
 q - a ring of willpower (right hand)
Wands
 t - a wand of mindburst (19)
Scrolls
 f - a scroll of vulnerability {unknown}
 h - a scroll of summoning {unknown}
 j - a scroll of noise {unknown}
 o - a scroll of amnesia {unknown}
 p - a scroll of poison {unknown}
Potions
 d - a potion of might
 k - a potion of enlightenment {unknown}
 m - a potion of berserk rage


   Skills:
 - Level 3.2 Fighting
 + Level 4.1 Axes
 - Level 3.2 Armour
 - Level 4.0 Shields


You had 3 spell levels left.
You didn't know any spells.
Your spell library contained the following spells:

 Spells                   Type           Power      Damage    Failure   Level
 Lesser Beckoning         Tloc           0%         N/A       91%         2
 Dazzling Flash           Conj/Hex       0%         N/A       99%         3
 Gell's Gravitas          Tloc           0%         N/A       99%         3
 Teleport Other           Tloc           0%         N/A       99%         3
 Volatile Blastmotes      Fire/Tloc      0%         2d10      99%         3
 Starburst                Conj/Fire      0%         6d3       100%        6
 Maxwell's Capacitive Co  Air            0%         ∞         100%        8


Dungeon Overview and Level Annotations

Branches:
Dungeon (3/15)

Altars:


Innate Abilities, Weirdness & Mutations

You cannot be hasted, slowed, berserked, paralysed or teleported.
You can dig through walls and to a lower floor.
You have a pair of large antennae on your head. (SInv)
Your four strong arms can wield two-handed weapons with a shield.


Message History

You hit the kobold brigand but do no damage.
The kobold brigand is almost dead.
You closely miss the rat. The rat misses you.
The kobold brigand hits you with a +0 whip.
You block the rat's attack.
The kobold brigand hits you with a +0 whip.
You are too injured to fight recklessly!
You barely miss the kobold brigand.
The kobold brigand is severely wounded.
You barely miss the rat.
The rat twitches its whiskers.
The rat bites you but does no damage.
The kobold brigand hits you with a +0 whip.
You closely miss the kobold brigand.
The kobold brigand is severely wounded.
You barely miss the rat.
The kobold brigand hits you with a +0 whip.
A ball python comes into view.
The rat bites you.
* * * LOW HITPOINT WARNING * * *
The kobold brigand hits you with a +0 whip.
* * * LOW HITPOINT WARNING * * *
The rat bites you.
* * * LOW HITPOINT WARNING * * *
You barely miss the kobold brigand.
The kobold brigand is severely wounded.
You hit the rat.
The kobold brigand hits you with a +0 whip.
* * * LOW HITPOINT WARNING * * *
The rat closely misses you.
It was a potion of berserk rage.
Your stasis prevents you from going berserk.
The kobold brigand hits you with a +0 whip.
* * * LOW HITPOINT WARNING * * *
You block the rat's attack.
It was a potion of ambrosia.
You are confused.
You feel invigorated.
The kobold brigand hits you with a +0 whip!
You die...

.....## .......
...... #.... #....
#....########+##
#....#.........###
+....†@........>.#
#..."#Kr.........#
######S..........#
...######.....#
.... #.....## ....
#......## ....
#....#..## ...
#....##..###
####.###...#
#.#####.#
#..####.†


You could see a kobold brigand, a ball python and a rat.

Vanquished Creatures
  An adder (D:3)
  3 dart slugs
  2 bats (D:1)
  4 endoplasms
  3 giant cockroaches
  2 goblins
  6 hobgoblins
  2 quokkas
  2 ball pythons
  4 frilled lizards (D:2)
  4 kobolds
  6 rats
39 creatures vanquished.

Notes
Turn   | Place    | Note
-------+----------+-------------------------------------------
     0 | D:1      | AlterAsc the Formicid Fighter began the quest for the Orb.
     0 | D:1      | Reached XP level 1. HP: 18/18 MP: 1/1
   356 | D:1      | Reached XP level 2. HP: 24/24 MP: 2/2
   987 | D:2      | Reached XP level 3. HP: 29/29 MP: 3/3
  1710 | D:3      | Noticed a kobold brigand
  1714 | D:3      | Reached XP level 4. HP: 27/35 MP: 4/4
  1724 | D:3      | HP: 1/35 [kobold brigand/+0 whip (6)]
  1725 | D:3      | Slain by a kobold brigand

Illustrated notes

Levels and vault maps discovered:
D:1:      dpeg_arrival_chambers_temple_mockup, layout_basic
D:2:      minmay_angry_zag, layout_basic, minmay_misc_feat_chi
D:3:      kennysheep_six_static_rooms, layout_basic, gammafunk_ghost_arena

Skill      XL: |  1  2  3 |
---------------+----------+-----
Axes           | 3 4 |  4.1
Fighting       | |  3.2
Armour         | |  3.2
Shields        | |  4.0

Action                     |  1- 3 |  4- 6 || total
---------------------------+-------+-------++-------
  Melee: War axe           |    77 |    10 ||    87
  Throw: Dart              |     1 |       ||     1
Ability: Dig               |     1 |       ||     1
    Use: Potion            |       |     2 ||     2
 Armour: Scale mail        |    42 |    19 ||    61
  Dodge: Dodged            |    36 |     8 ||    44
  Block: Buckler           |    15 |     3 ||    18
